TOP OF THE 1ST |
---|
Savannah Hogs batting - Pitching for Scottsdale Scorpions : LHP António Rodríguez | Pitching: LHP António Rodríguez | | Batting: RHB Ramón Gómez | 0-0: Called Strike 0-1: Foul Ball, location: 2F 0-2: Foul Ball, location: 2F 0-2: Ball 1-2: Strikes out looking | Batting: RHB Pedro Zavala | 0-0: Foul Ball, location: 2F 0-1: SINGLE (Groundball, 6MD) | Batting: RHB Rick Holman | 0-0: Foul Ball, location: 2F 0-1: SINGLE (Line Drive, 6D) Pedro Zavala to second | Batting: RHB Guillermo González | 0-0: Ball 1-0: Ball 2-0: Ball 3-0: Called Strike 3-1: Reached on error, E7 (Flyball, 7LS) Pedro Zavala to third Rick Holman to second | Batting: RHB Miguel Cervantes | 0-0: Ball 1-0: Ball 2-0: Ball 3-0: Called Strike 3-1: Base on Balls Pedro Zavala scores Rick Holman to third Guillermo González to second | Batting: RHB Pedro Sandoval | 0-0: Called Strike 0-1: Swinging Strike 0-2: Ball 1-2: Grounds into double play, 3-6-4 (Groundball, 34) | Top of the 1st over - 1 run, 2 hits, 1 error, 2 left on base; Savannah 1 - Scottsdale 0 | BOTTOM OF THE 1ST |
---|
Scottsdale Scorpions batting - Pitching for Savannah Hogs : RHP Ismael Chávez | Pitching: RHP Ismael Chávez | | Batting: LHB Tony Ayala | 0-0: Fly out, F4 (Line Drive, 4) | Batting: SHB Luis López | 0-0: Foul Ball, location: 2F 0-1: Foul Ball, location: 2F 0-2: Ball 1-2: Foul Ball, location: 2F 1-2: Strikes out swinging | Batting: RHB Ronald Smith | 0-0: Ball 1-0: Foul Ball, location: 2F 1-1: Foul Ball, location: 2F 1-2: Ball 2-2: Foul Ball, location: 2F 2-2: Ball 3-2: Fly out, F8 (Flyball, 8LD) | Bottom of the 1st over - 0 runs, 0 hits, 0 errors, 0 left on base; Savannah 1 - Scottsdale 0 | TOP OF THE 2ND |
---|
Savannah Hogs batting - Pitching for Scottsdale Scorpions : LHP António Rodríguez | Batting: RHB Pedro Javier | 0-0: Ball 1-0: Foul Ball, location: 2F 1-1: Swinging Strike 1-2: Ball 2-2: Ball 3-2: SINGLE (Groundball, 56D) | Batting: RHB Jorge Chávez | 0-0: Foul Ball, location: 2F 0-1: Ball 1-1: Called Strike 1-2: Ball 2-2: Ball Wild Pitch! Pedro Javier to second 3-2: Ground out 3-1 (Groundball, 34) Pedro Javier to third | Batting: RHB Júlio Contreras | 0-0: Ball 1-0: Ball 2-0: Ball 3-0: Called Strike 3-1: Swinging Strike 3-2: Strikes out swinging | Batting: RHB Ramón Gómez | 0-0: SINGLE (Groundball, 56S) (infield hit) Pedro Javier scores | Batting: RHB Pedro Zavala | 0-0: Called Strike 0-1: Called Strike 0-2: Ball 1-2: Foul Ball, location: 2F 1-2: Ground out 5-3 (Groundball, 56) | Top of the 2nd over - 1 run, 2 hits, 0 errors, 1 left on base; Savannah 2 - Scottsdale 0 | BOTTOM OF THE 2ND |
---|
Scottsdale Scorpions batting - Pitching for Savannah Hogs : RHP Ismael Chávez | Batting: SHB Arnold Moore | 0-0: Ball 1-0: Ball 2-0: Fly out, F3 (Popup, 3F) | Batting: LHB Pedro Díaz | 0-0: Ball 1-0: Ball 2-0: Ball 3-0: Called Strike 3-1: Swinging Strike 3-2: SINGLE (Groundball, 4MD) | Batting: RHB Steve Boyer | 0-0: Ball 1-0: Ball 2-0: Ball 3-0: Base on Balls Pedro Díaz to second | Batting: LHB Manny Vigil | 0-0: Ball 1-0: Foul Ball, location: 2F 1-1: Foul Ball, location: 2F 1-2: Foul Ball, location: 2F 1-2: Ball 2-2: Ball 3-2: Foul Ball, location: 2F 3-2: Foul Ball, location: 2F 3-2: Foul Ball, location: 2F 3-2: Fly out, F8 (Flyball, 8RD) | Batting: LHB Ernesto Hernández | 0-0: Ball 1-0: Ball 2-0: Ball 3-0: Base on Balls Pedro Díaz to third Steve Boyer to second | Batting: RHB José Méndez | 0-0: Ball 1-0: Called Strike 1-1: Ball 2-1: Foul Ball, location: 2F 2-2: Ball 3-2: Foul Ball, location: 2F 3-2: Base on Balls Pedro Díaz scores Steve Boyer to third Ernesto Hernández to second | Batting: LHB Tony Ayala | 0-0: Called Strike 0-1: Ball 1-1: Called Strike 1-2: Strikes out swinging | Bottom of the 2nd over - 1 run, 1 hit, 0 errors, 3 left on base; Savannah 2 - Scottsdale 1 | TOP OF THE 3RD |
---|
Savannah Hogs batting - Pitching for Scottsdale Scorpions : LHP António Rodríguez | Batting: RHB Rick Holman | 0-0: Ball 1-0: Ball 2-0: Ball 3-0: Called Strike 3-1: Ground out 6-3 (Groundball, 6MD) | Batting: RHB Guillermo González | 0-0: Ball 1-0: Swinging Strike 1-1: Called Strike 1-2: Strikes out swinging | Batting: RHB Miguel Cervantes | 0-0: Called Strike 0-1: Called Strike 0-2: Ball 1-2: Ball 2-2: Ball 3-2: Base on Balls | Batting: RHB Pedro Sandoval | 0-0: Foul Ball, location: 2F 0-1: Fly out, F4 (Line Drive, 4M) | Top of the 3rd over - 0 runs, 0 hits, 0 errors, 1 left on base; Savannah 2 - Scottsdale 1 | BOTTOM OF THE 3RD |
---|
Scottsdale Scorpions batting - Pitching for Savannah Hogs : RHP Ismael Chávez | Batting: SHB Luis López | 0-0: Foul Ball, location: 2F 0-1: Ball 1-1: Ball 2-1: Foul Ball, location: 2F 2-2: Ball 3-2: Foul Ball, location: 2F 3-2: Ground out 4-3 (Groundball, 4) | Batting: RHB Ronald Smith | 0-0: Ball 1-0: Fly out, F9 (Flyball, 9) | Batting: SHB Arnold Moore | 0-0: Called Strike 0-1: Ball 1-1: Swinging Strike 1-2: Foul Ball, location: 2F 1-2: Ball 2-2: Strikes out swinging | Bottom of the 3rd over - 0 runs, 0 hits, 0 errors, 0 left on base; Savannah 2 - Scottsdale 1 | TOP OF THE 4TH |
---|
Savannah Hogs batting - Pitching for Scottsdale Scorpions : LHP António Rodríguez | Batting: RHB Pedro Javier | 0-0: Called Strike 0-1: Foul Ball, location: 2F 0-2: Ball 1-2: Ball 2-2: Foul Ball, location: 2F 2-2: Foul Ball, location: 2F 2-2: Ball 3-2: Foul Ball, location: 2F 3-2: Base on Balls | Batting: RHB Jorge Chávez | 0-0: Called Strike 0-1: Ball 1-1: Called Strike 1-2: Ball 2-2: Ball 3-2: Foul Ball, location: 2F 3-2: SINGLE (Groundball, 6D) Pedro Javier to second | Batting: RHB Júlio Contreras | 0-0: Swinging Strike 0-1: Swinging Strike 0-2: Ball 1-2: Ball 2-2: Foul Ball, location: 2F 2-2: Foul Ball, location: 2F 2-2: Foul Ball, location: 2F 2-2: Ball 3-2: Base on Balls Pedro Javier to third Jorge Chávez to second | Pitching: RHP Julián García | | Batting: RHB Ramón Gómez | 0-0: Called Strike 0-1: Ball 1-1: Reached on error, E5 (Groundball, 56) Pedro Javier scores Jorge Chávez to third Júlio Contreras to second | Batting: RHB Pedro Zavala | 0-0: Foul Ball, location: 2F 0-1: Hit by Pitch Jorge Chávez scores Júlio Contreras to third Ramón Gómez to second | Batting: RHB Rick Holman | 0-0: Called Strike 0-1: Ball 1-1: Foul Ball, location: 2F 1-2: Ball 2-2: Foul Ball, location: 2F 2-2: GRAND SLAM HOME RUN (Line Drive, 7D), Distance : 353 ft | Batting: RHB Guillermo González | 0-0: Ball 1-0: Called Strike 1-1: Ball 2-1: Swinging Strike 2-2: Ball 3-2: Fly out, F8 (Line Drive, 8LD) | Batting: RHB Miguel Cervantes | 0-0: Called Strike 0-1: Ball 1-1: Called Strike 1-2: Foul Ball, location: 2F 1-2: Ball 2-2: Ball 3-2: Foul Ball, location: 2F 3-2: Base on Balls | Batting: RHB Pedro Sandoval | 0-0: Swinging Strike 0-1: Foul Ball, location: 2F 0-2: Foul Ball, location: 2F 0-2: Foul Ball, location: 2F 0-2: Ball 1-2: Ball 2-2: Ball 3-2: Strikes out looking | Batting: RHB Pedro Javier | 0-0: Ball 1-0: Ball 2-0: Called Strike 2-1: Foul Ball, location: 2F 2-2: Ground out 5-3 (Groundball, 56) | Top of the 4th over - 6 runs, 2 hits, 1 error, 1 left on base; Savannah 8 - Scottsdale 1 | BOTTOM OF THE 4TH |
---|
Scottsdale Scorpions batting - Pitching for Savannah Hogs : RHP Ismael Chávez | Batting: LHB Pedro Díaz | 0-0: Called Strike 0-1: Swinging Strike 0-2: Ball 1-2: Ball 2-2: Foul Ball, location: 2F 2-2: DOUBLE (Line Drive, 5D) | Batting: RHB Steve Boyer | 0-0: Ball 1-0: Foul Ball, location: 2F 1-1: SINGLE (Line Drive, 4D) Pedro Díaz to third | Batting: LHB Manny Vigil | 0-0: Ball 1-0: Ball 2-0: Ball 3-0: Base on Balls Steve Boyer to second | Batting: LHB Ernesto Hernández | 0-0: SINGLE (Groundball, 34D) Pedro Díaz scores Steve Boyer to third Manny Vigil to second | Batting: RHB José Méndez | 0-0: Ball 1-0: Ball Passed Ball! Steve Boyer scores Manny Vigil to third Ernesto Hernández to second 2-0: Called Strike 2-1: Foul Ball, location: 2F 2-2: Foul Ball, location: 2F 2-2: Fly out, F7 (Flyball, 7LS) Runner from 3rd tags up, OUT at HOME Ernesto Hernández to third | Batting: LHB Tony Ayala | 0-0: Fly out, F8 (Flyball, 8LD) | Bottom of the 4th over - 2 runs, 3 hits, 0 errors, 1 left on base; Savannah 8 - Scottsdale 3 | TOP OF THE 5TH |
---|
Savannah Hogs batting - Pitching for Scottsdale Scorpions : RHP Julián García | Batting: RHB Jorge Chávez | 0-0: Foul Ball, location: 2F 0-1: Called Strike 0-2: Ball 1-2: SINGLE (Line Drive, 4MD) | Batting: RHB Júlio Contreras | 0-0: Ball 1-0: Called Strike 1-1: Foul Ball, location: 2F 1-2: Ball 2-2: Foul Ball, location: 2F 2-2: Ground out 4-3 (Groundball, 4MS) Jorge Chávez to second | Batting: RHB Ramón Gómez | 0-0: Called Strike 0-1: Called Strike 0-2: Strikes out swinging | Batting: RHB Pedro Zavala | 0-0: Intentional Walk | Batting: RHB Rick Holman | 0-0: Ball 1-0: Ball 2-0: Foul Ball, location: 2F 2-1: Called Strike 2-2: Ball 3-2: Foul Ball, location: 2F 3-2: Base on Balls Jorge Chávez to third Pedro Zavala to second | Batting: RHB Guillermo González | 0-0: Foul Ball, location: 2F 0-1: Called Strike 0-2: Foul Ball, location: 2F 0-2: Strikes out swinging | Top of the 5th over - 0 runs, 1 hit, 0 errors, 3 left on base; Savannah 8 - Scottsdale 3 | BOTTOM OF THE 5TH |
---|
Scottsdale Scorpions batting - Pitching for Savannah Hogs : RHP Ismael Chávez | Batting: SHB Luis López | 0-0: Ball 1-0: Ball 2-0: Ball 3-0: Base on Balls | Batting: RHB Ronald Smith | 0-0: Ball 1-0: Called Strike 1-1: Foul Ball, location: 2F 1-2: Foul Ball, location: 2F 1-2: Ball 2-2: Strikes out swinging | Batting: SHB Arnold Moore | 0-0: Ball 1-0: Foul Ball, location: 2F 1-1: Foul Ball, location: 2F 1-2: Ball 2-2: Ball 3-2: Foul Ball, location: 2F 3-2: DOUBLE (Flyball, 78XD) Luis López to third | Pitching: RHP Francisco Rodríguez | | Batting: LHB Pedro Díaz | 0-0: Ball 1-0: Ball 2-0: Fly out, F9 (Line Drive, 9LD) Runner from 3rd tags up, SCORES, throw made | Batting: RHB Steve Boyer | 0-0: Fly out, F8 (Flyball, 8RD) | Bottom of the 5th over - 1 run, 1 hit, 0 errors, 1 left on base; Savannah 8 - Scottsdale 4 | TOP OF THE 6TH |
---|
Savannah Hogs batting - Pitching for Scottsdale Scorpions : RHP Julián García | Pitching: RHP Rick Díaz | | Batting: RHB Miguel Cervantes | 0-0: Called Strike 0-1: Ball 1-1: Fly out, F9 (Flyball, 9) | Batting: RHB Pedro Sandoval | 0-0: Fly out, F6 (Line Drive, 6) | Batting: RHB Pedro Javier | 0-0: Ball 1-0: Swinging Strike 1-1: Called Strike 1-2: Ball 2-2: Strikes out looking | Top of the 6th over - 0 runs, 0 hits, 0 errors, 0 left on base; Savannah 8 - Scottsdale 4 | BOTTOM OF THE 6TH |
---|
Scottsdale Scorpions batting - Pitching for Savannah Hogs : RHP Francisco Rodríguez | Batting: LHB Manny Vigil | 0-0: Ball 1-0: Called Strike 1-1: SINGLE (Line Drive, 7LM) | Batting: LHB Ernesto Hernández | 0-0: Called Strike 0-1: Ball 1-1: Swinging Strike 1-2: Ball 2-2: Strikes out looking | Batting: RHB José Méndez | 0-0: Ball 1-0: Called Strike 1-1: Ball 2-1: Called Strike 2-2: Fly out, F7 (Line Drive, 78D) | Batting: LHB Tony Ayala | 0-0: Fly out, F8 (Flyball, 78XD) | Bottom of the 6th over - 0 runs, 1 hit, 0 errors, 1 left on base; Savannah 8 - Scottsdale 4 | TOP OF THE 7TH |
---|
Savannah Hogs batting - Pitching for Scottsdale Scorpions : RHP Rick Díaz | Batting: RHB Jorge Chávez | 0-0: Swinging Strike 0-1: Foul Ball, location: 2F 0-2: Strikes out looking | Batting: RHB Júlio Contreras | 0-0: Called Strike 0-1: Foul Ball, location: 2F 0-2: Ball 1-2: SINGLE (Groundball, 34D) | Batting: RHB Ramón Gómez | 0-0: Ball 1-0: Called Strike Júlio Contreras steals 2nd base 1-1: TRIPLE (Flyball, 9LD) Júlio Contreras scores | Batting: RHB Pedro Zavala | 0-0: Intentional Walk | Batting: RHB Rick Holman | 0-0: Called Strike 0-1: Ball 1-1: Fly out, F6 (Popup, 6MD) | Batting: RHB Guillermo González | 0-0: Fielders Choice at 2nd, 6-4 (Groundball, 6) | Top of the 7th over - 1 run, 2 hits, 0 errors, 2 left on base; Savannah 9 - Scottsdale 4 | BOTTOM OF THE 7TH |
---|
Scottsdale Scorpions batting - Pitching for Savannah Hogs : RHP Francisco Rodríguez | Batting: SHB Luis López | 0-0: Ball 1-0: Swinging Strike 1-1: SINGLE (Line Drive, 4D) | Batting: RHB Ronald Smith | 0-0: Called Strike 0-1: Swinging Strike 0-2: Grounds into double play, 4-6-3 (Groundball, 4) | Batting: SHB Arnold Moore | 0-0: Called Strike 0-1: Ground out 3-1 (Groundball, 34S) | Bottom of the 7th over - 0 runs, 1 hit, 0 errors, 0 left on base; Savannah 9 - Scottsdale 4 | TOP OF THE 8TH |
---|
Savannah Hogs batting - Pitching for Scottsdale Scorpions : RHP Rick Díaz | Batting: RHB Miguel Cervantes | 0-0: Ball 1-0: Ball 2-0: Ball 3-0: Called Strike 3-1: Base on Balls | Batting: RHB Pedro Sandoval | 0-0: Ball 1-0: Ball 2-0: Grounds out, U3 (Groundball, 3L) | Batting: RHB Pedro Javier | 0-0: Ball 1-0: Ball 2-0: Called Strike 2-1: Called Strike 2-2: Strikes out swinging | Batting: RHB Jorge Chávez | 0-0: Intentional Walk | Batting: RHB Júlio Contreras | 0-0: Ball 1-0: Swinging Strike 1-1: Ball 2-1: Foul Ball, location: 2F 2-2: SINGLE (Groundball, 34S) (infield hit) Miguel Cervantes to third Jorge Chávez to second | Batting: RHB Ramón Gómez | 0-0: Called Strike 0-1: Foul Ball, location: 2F 0-2: Ball 1-2: Ball 2-2: Fielders Choice at 2nd, 6-4 (Groundball, 56) | Top of the 8th over - 0 runs, 1 hit, 0 errors, 3 left on base; Savannah 9 - Scottsdale 4 | BOTTOM OF THE 8TH |
---|
Scottsdale Scorpions batting - Pitching for Savannah Hogs : RHP Francisco Rodríguez | Batting: LHB Pedro Díaz | 0-0: Foul Ball, location: 2F 0-1: Ball 1-1: Ball 2-1: SINGLE (Line Drive, 4M) | Batting: RHB Steve Boyer | 0-0: Ball 1-0: Fly out, F5 (Line Drive, 56) | Batting: LHB Manny Vigil | 0-0: Fly out, F7 (Flyball, 7S) | Batting: LHB Ernesto Hernández | 0-0: 2-RUN HOME RUN (Line Drive, 78XD), Distance : 384 ft | Pitching: RHP Leo Blackley | | Batting: RHB José Méndez | 0-0: Called Strike 0-1: Foul Ball, location: 2F 0-2: Ball 1-2: Ball 2-2: Foul Ball, location: 2F 2-2: Ball 3-2: Base on Balls | Pitching: LHP Manuel Guel | | Batting: LHB Tony Ayala | 0-0: Swinging Strike 0-1: Ball 1-1: Called Strike 1-2: Foul Ball, location: 2F 1-2: Strikes out swinging | Bottom of the 8th over - 2 runs, 2 hits, 0 errors, 1 left on base; Savannah 9 - Scottsdale 6 | TOP OF THE 9TH |
---|
Savannah Hogs batting - Pitching for Scottsdale Scorpions : RHP Rick Díaz | Pitching: RHP José Estrada | | Batting: RHB Pedro Zavala | 0-0: Ball 1-0: Ball 2-0: Called Strike 2-1: Ball 3-1: Swinging Strike 3-2: Ground out 6-3 (Groundball, 56) | Batting: RHB Rick Holman | 0-0: Called Strike 0-1: Swinging Strike 0-2: Foul Ball, location: 2F 0-2: Ball 1-2: Strikes out looking | Batting: RHB Guillermo González | 0-0: Foul Ball, location: 2F 0-1: Called Strike 0-2: Strikes out swinging | Top of the 9th over - 0 runs, 0 hits, 0 errors, 0 left on base; Savannah 9 - Scottsdale 6 | BOTTOM OF THE 9TH |
---|
Scottsdale Scorpions batting - Pitching for Savannah Hogs : LHP Manuel Guel | Pitching: RHP Gabriel Quintero | | Now at 1B: Juan Morales | | Now at 3B: Luis González | | Batting: SHB Luis López | 0-0: Ball 1-0: Swinging Strike 1-1: Called Strike 1-2: Ground out 4-3 (Groundball, 4) | Batting: RHB Ronald Smith | 0-0: Ball 1-0: Fly out, F8 (Flyball, 8RM) | Batting: SHB Arnold Moore | 0-0: Called Strike 0-1: Ground out 6-3 (Groundball, 6S) | Bottom of the 9th over - 0 runs, 0 hits, 0 errors, 0 left on base; Savannah 9 - Scottsdale 6 | |